 Dungeon Crawl Stone Soup version 0.24-a0-422-g9eff3895ba (webtiles) character file.

Game seed: 13278960639971604677

2373 Ijustatesigmund the Cudgeler (level 9, -2/63 HPs)
             Began as an Octopode Fighter on June 12, 2019.
             Was a Priest of Cheibriados.
             Slain by an ice beast (11 damage)
             ... on level 9 of the Dungeon.
             The game lasted 00:12:48 (7071 turns).

Ijustatesigmund the Cudgeler (Octopode Fighter)     Turns: 7071, Time: 00:12:48

Health: -2/63      AC:  1    Str: 22    XL:     9   Next: 45%
Magic:  12/12      EV: 14    Int: 16    God:    Cheibriados [***...]
Gold:   413        SH: 11    Dex: 20    Spells: 7/8 levels left

rFire    + . .     SeeInvis .   a - +1 flail
rCold    . . .     Gourm    .   b - +0 shield
rNeg     . . .     Faith    .   (helmet restricted)
rPois    .         Spirit   .   (no amulet)
rElec    .         Reflect  .   w - ring of protection from fire
rCorr    +         Harm     .   s - ring of resist corrosion
MR       +....                  i - ring of protection from magic
Stlth    +++.......             (no ring)
HPRegen  0.20/turn              (no ring)
MPRegen  0.13/turn              (no ring)
                                (no ring)
                                (no ring)

@: drained, very slow
A: almost no armour, stealthy swim, amphibious, 8 rings, constrict 8, camouflage
1, gelatinous body 1
a: Bend Time, Temporal Distortion, Renounce Religion


You were on level 9 of the Dungeon.
You worshipped Cheibriados.
Cheibriados was most pleased with you.
You were not hungry.

You visited 2 branches of the dungeon, and saw 10 of its levels.

You collected 413 gold pieces.

Inventory:

Hand Weapons
 a - a +1 flail (weapon)
Armour
 b - a +0 shield (worn)
Jewellery
 i - a ring of protection from magic (on tentacle)
 q - an uncursed amulet of the acrobat {unknown}
 s - a ring of resist corrosion (right tentacle)
 w - a ring of protection from fire (left tentacle)
Wands
 c - a wand of flame (13)
 j - a wand of polymorph (8)
 z - a wand of disintegration (10)
 C - a wand of iceblast (6)
Scrolls
 e - 4 scrolls of immolation
 p - 3 scrolls of amnesia
 t - a scroll of enchant weapon
 u - 2 scrolls of remove curse
 v - a scroll of teleportation
 x - a scroll of identify
 y - a scroll of fear
 A - a scroll of magic mapping
Potions
 f - a potion of cancellation
 g - a potion of lignification
 h - 2 potions of flight
 k - a potion of agility
 l - a potion of brilliance
 m - 3 potions of curing
 o - a potion of magic
 r - 2 potions of ambrosia
 B - a potion of invisibility
Comestibles
 d - 11 rations
 n - a chunk of flesh


   Skills:
 + Level 6.3(5.5) Fighting
 + Level 7.5(6.7) Maces & Flails
 + Level 5.2(4.5) Dodging
 + Level 5.3(4.6) Shields
 - Level 3.0(2.2) Translocations
 + Level 4.5(3.7) Invocations


You had 7 spell levels left.
You knew the following spells:

 Your Spells              Type           Power        Failure   Level  Hunger
a - Apportation           Tloc           #.....       36%         1    ##.....

Your spell library contained the following spells:

 Spells                   Type           Power        Failure   Level  Hunger
 Animate Skeleton         Necr           N/A          67%         1    ##.....
 Confusing Touch          Hex            #.....       67%         1    ##.....
 Summon Small Mammal      Summ           #...         67%         1    ##.....


Dungeon Overview and Level Annotations

Branches:
Dungeon (9/15)             Temple (1/1) D:4
   Lair: D:8-11         Orc: D:9-12

Altars:
Ashenzari
Cheibriados
Elyvilon
Fedhas
Gozag
Hepliaklqana
Makhleb
Nemelex Xobeh
Okawaru
Qazlal
Ru
Sif Muna
Trog
Uskayaw
Vehumet
Wu Jian
Xom
Yredelemnul
Zin
The Shining One

Annotations:
D:8 3 runed translucent doors


Innate Abilities, Weirdness & Mutations

You cannot wear most types of armour.
You are very stealthy in the water. (Stealth+)
You are amphibious.
You can wear up to eight rings at the same time.
You can use your tentacles to constrict eight enemies at once.
Your skin changes colour to match your surroundings (Stealth+).
Your rubbery body absorbs attacks. (AC +1, EV +1)


Message History

The leopard gecko bites you but does no damage.
The ice beast closely misses you.
You sock the ice beast! You squeeze the ice beast!
The ice beast is severely wounded.
The leopard gecko bites you. The ice beast hits you. The ice beast freezes you!
You hit the ice beast but do no damage.
The ice beast is severely wounded.
The leopard gecko closely misses you. The ice beast hits you.
The ice beast freezes you.
You barely miss the ice beast.
The ice beast is severely wounded.
You block the leopard gecko's attack. The ice beast hits you.
The ice beast freezes you!
* * * LOW HITPOINT WARNING * * *
You barely miss the ice beast.
The ice beast is severely wounded.
You block the leopard gecko's attack. The ice beast hits you.
* * * LOW HITPOINT WARNING * * *
The ice beast freezes you!
You die...

####+###
#@รท....#
#lY....#
+......#
#......#
#......#
#......#
#......#
#......#


You could see an ice beast and a leopard gecko.

Vanquished Creatures
  A hippogriff (D:8)
  A water moccasin (D:7)
  2 ice beasts
  A black bear (D:9)
  3 ogres
  A big kobold (D:7)
  A gnoll sergeant (D:9)
  A scorpion (D:7)
  3 killer bees (D:7)
  3 wights (D:8)
  5 crimson imps
  3 hounds
  2 orc priests
  A bullfrog skeleton (D:6)
  2 jellies
  7 orc wizards
  An iguana (D:5)
  7 worker ants
  A hound zombie (D:5)
  4 gnolls
  7 adders
  2 shadow imps (D:5)
  3 oozes
  An adder zombie (D:6)
  5 adder skeletons
  2 worms (D:2)
  4 dart slugs
  9 leopard geckos
  32 orcs
  3 ball pythons
  5 giant cockroaches
  5 goblins
  11 hobgoblins
  5 jackals (D:1)
  10 kobolds
  2 quokkas
  9 bats
  2 frilled lizards
  A jackal skeleton (D:4)
  A quokka skeleton (D:5)
  11 rats
180 creatures vanquished.

Notes
Turn   | Place    | Note
-------+----------+-------------------------------------------
     0 | D:1      | Ijustatesigmund the Octopode Fighter began the quest for
                  | the Orb.
     0 | D:1      | Reached XP level 1. HP: 16/16 MP: 1/1
   168 | D:1      | Reached XP level 2. HP: 21/21 MP: 2/2
   180 | D:1      | Reached skill level 3 in Maces & Flails
   290 | D:1      | Reached XP level 3. HP: 25/26 MP: 3/3
   884 | D:2      | Reached skill level 4 in Maces & Flails
   904 | D:2      | Reached XP level 4. HP: 28/31 MP: 4/4
   994 | D:2      | Reached skill level 5 in Maces & Flails
  1160 | D:2      | Reached XP level 5. HP: 35/36 MP: 5/5
  1617 | D:2      | Found a deep blue altar of Sif Muna.
  1672 | D:2      | Learned a level 1 spell: Apportation
  2106 | D:3      | Found a shimmering altar of Xom.
  2114 | D:3      | Reached skill level 1 in Translocations
  2117 | D:3      | Reached XP level 6. HP: 39/42 MP: 6/6
  2441 | D:4      | Reached XP level 7. HP: 32/48 MP: 7/7
  2554 | D:3      | Reached skill level 6 in Maces & Flails
  2736 | D:4      | Found a bloodstained altar of Trog.
  2751 | D:4      | Found a staircase to the Ecumenical Temple.
  2829 | Temple   | Entered the Ecumenical Temple
  2971 | Temple   | Became a worshipper of Cheibriados the Contemplative
  3126 | D:4      | Found a bloodstained altar of Trog.
  3130 | D:4      | Found a shattered altar of Ashenzari.
  3133 | D:4      | Found a sparkling altar of Nemelex Xobeh.
  3334 | D:5      | Entered Level 5 of the Dungeon
  3350 | D:5      | Reached skill level 1 in Invocations
  3689 | D:5      | Reached skill level 5 in Fighting
  3689 | D:5      | Reached XP level 8. HP: 40/55 MP: 7/9
  3727 | D:5      | Reached * piety under Cheibriados
  5559 | D:7      | Found a hazy altar of Hepliaklqana.
  5643 | D:7      | Found an opulent altar of Gozag.
  5702 | D:7      | Reached skill level 7 in Maces & Flails
  5704 | D:7      | Reached ** piety under Cheibriados
  6148 | D:7      | Reached XP level 9. HP: 62/62 MP: 11/11
  6236 | D:8      | Reached skill level 5 in Dodging
  6236 | D:8      | Reached skill level 5 in Shields
  6397 | D:8      | Found a runed translucent gate.
  6399 | D:8      | Found a runed translucent gate.
  6415 | D:8      | Found a runed translucent gate.
  6632 | D:8      | Found a radiant altar of Vehumet.
  7021 | D:9      | Reached *** piety under Cheibriados
  7071 | D:9      | Slain by an ice beast

Levels and vault maps discovered:
D:1:      tarquinn_simple_flora_water_a, layout_loops_ring,
          minmay_indecisive_spiral
D:2:      layout_basic, lemuel_blue_sif_altar, kennysheep_generic_room_12
D:3:      layout_loops_ring, led_xom_imps
D:4:      layout_rooms, minmay_overflow_temple_star_quad,
          minmay_temple_entry_mist, first_ration, bloody_trog
D:5:      layout_loops_corners
D:6:      layout_loops_ring, patterned_corridor
D:7:      layout_cave_pools, nicolae_overflow_hidden_temple, lemuel_round_altar,
          grunt_decor_cap, grunt_ministairs_10
D:8:      minmay_the_grid_triangle_9x9_recursive_2
          [minmay_the_grid_triangle_9x9_prize_center,
          minmay_the_grid_triangle_9x9_zippers_horizontal,
          minmay_the_grid_triangle_9x9_thin_v,
          minmay_the_grid_triangle_9x9_sprig], layout_loops_ring,
          ebering_ghost_rock_garden, basic_altar, hangedman_ranch
          [blue_anna_fruit_fields]
D:9:      layout_roguey, serial_shops, nicolae_shop_statue_plus, shop, shop,
          kennysheep_mini, shop
Temple:   regret_index_temple_generic_petals

Skill      XL: |  1  2  3  4  5  6  7  8  9 |
---------------+----------------------------+-----
Maces & Flails | 3 4 5 6 7 |  7.5
Translocations | 1 2 3 |  3.0
Fighting       | 4 5 6 |  6.3
Invocations    | 1 3 4 |  4.5
Dodging        | 4 5 |  5.2
Shields        | 4 5 |  5.3

Action                   |  1- 3 |  4- 6 |  7- 9 || total
-------------------------+-------+-------+-------++-------
Melee: Flail             |    74 |    90 |   234 ||   398
       Constrict         |    17 |    27 |    50 ||    94
       Tentacles         |    14 |    16 |    75 ||   105
Evoke: Wand              |       |     1 |    10 ||    11
  Use: Scroll            |     4 |    11 |     9 ||    24
       Potion            |       |     2 |     4 ||     6
 Stab: Sleeping          |    10 |     6 |    11 ||    27
       Invisible         |       |     1 |       ||     1
       Distracted        |       |       |     2 ||     2
  Eat: Chunk             |       |     5 |     9 ||    14
       Ration            |       |       |     1 ||     1
Armor: Skin              |     5 |     8 |    14 ||    27
Dodge: Dodged            |    30 |    38 |   105 ||   173
Block: Shield            |    32 |    29 |   114 ||   175

Table legend:
 A = Non-vault XP
 B = Vault XP
 C = Vault XP percentage of total XP
 D = Non-vault monster count
 E = Vault monster count
 F = Vault count percentage of total count
                 A         B        C        D         E       F
            +---------+---------+-------+---------+---------+-------
      Total |    2982 |     408 |  12.0 |     166 |      14 |   7.8
            +---------+---------+-------+---------+---------+-------
        D:1 |      57 |       5 |   8.1 |      28 |       4 |  12.5
        D:2 |     133 |       4 |   2.9 |      25 |       2 |   7.4
        D:3 |     194 |     202 |  51.0 |      17 |       4 |  19.0
        D:4 |     412 |       0 |   0.0 |      24 |       0 |   0.0
        D:5 |     526 |       0 |   0.0 |      23 |       0 |   0.0
        D:6 |     266 |       0 |   0.0 |      17 |       0 |   0.0
        D:7 |     505 |     192 |  27.5 |      16 |       3 |  15.8
        D:8 |     674 |       5 |   0.7 |      14 |       1 |   6.7
        D:9 |     215 |       0 |   0.0 |       2 |       0 |   0.0
            +---------+---------+-------+---------+---------+-------
